 Dungeon Crawl Stone Soup version 0.24-b1-30-g840c9ef (webtiles) character file.

Game seed: 7109058679405303047, levelgen mode: deterministic

10 2tousent the Sneak (level 2, 0/13 HPs)
             Began as a Vine Stalker Enchanter on Oct 24, 2019.
             Killed from afar by a dart slug (1 damage)
             ... with a slug dart
             ... on level 1 of the Dungeon.
             The game lasted 00:01:36 (199 turns).

2tousent the Sneak (Vine Stalker Enchanter)          Turns: 199, Time: 00:01:36

Health: 0/13       AC:  3    Str: 10    XL:     2   Next: 20%
Magic:  0/6        EV: 12    Int: 15    God:
Gold:   32         SH:  0    Dex: 14    Spells: 4/5 levels left

rFire    . . .     SeeInvis .   a - +1 dagger
rCold    . . .     Gourm    .   (no shield)
rNeg     . . .     Faith    .   b - +0 robe
rPois    .         Spirit   +   (no helmet)
rElec    .         Reflect  .   f - +0 cloak
rCorr    .         Harm     .   (no gloves)
MR       .....                  (no boots)
Stlth    +++.......             c - amulet of inaccuracy (curse)
HPRegen  0.04/turn              (no ring)
MPRegen  0.10/turn              (no ring)

@: no status effects
A: fangs 2, magic shield, antimagic bite, no potion heal 3, rot immunity
a: no special abilities


You were on level 1 of the Dungeon.
You were not hungry.

You visited 1 branch of the dungeon, and saw 1 of its levels.

You collected 32 gold pieces.

Inventory:

Hand Weapons
 a - a +1 dagger (weapon)
Armour
 b - a +0 robe (worn)
 e - a +0 plate armour
 f - a +0 cloak (worn)
Jewellery
 c - a cursed amulet of inaccuracy (around neck)
Potions
 g - a potion of haste {unknown}
Comestibles
 d - a ration


   Skills:
 * Level 1.6 Short Blades
 - Level 1.5 Dodging
 + Level 3.9 Stealth
 - Level 2.1 Spellcasting
 - Level 3.0 Hexes


You had 4 spell levels left.
You knew the following spells:

 Your Spells              Type           Power        Failure   Level  Hunger
a - Corona                Hex            ##.....      6%          1    #......

Your spell library contained the following spells:

 Spells                   Type           Power        Failure   Level  Hunger
 Ensorcelled Hibernation  Hex/Ice        #.....       19%         2    ###....
 Confuse                  Hex            ##......     19%         3    ###....
 Tukima's Dance           Hex            ##......     19%         3    ###....
 Dazzling Spray           Conj/Hex       #.....       34%         3    ###....


Dungeon Overview and Level Annotations

Branches:
Dungeon (1/15)

Altars:


Innate Abilities, Weirdness & Mutations

You have extremely sharp teeth.
When hurt, damage is shared between your health and your magic reserves.
Your bite disrupts and absorbs the magic of your enemies.
Potions cannot restore your health.
You are immune to rotting.


Message History

The bat hits you.
* * * LOW HITPOINT WARNING * * *
The bat closely misses you.
You barely miss the bat. Your bite misses the bat.
The bat is severely wounded.
The bat hits you but does no damage. The kobold hits you with a +0 dagger.
* * * LOW HITPOINT WARNING * * *
You miss the bat. Your bite misses the bat.
The bat is severely wounded.
The bat closely misses you. x2
You hit the dart slug.
The dart slug is lightly wounded.
The bat hits you but does no damage. The kobold barely misses you.
The bat hits you but does no damage.
You hit the bat.
You kill the bat!
The kobold barely misses you. The dart slug launches a dart at you.
The slug dart hits you.
You die...

........ ....# ........
.. . ....# ........ #.
#.# ....# ...#####
#.####. .... ...#
......##... ...# #...
...####.# ...#
#.(####.......# ...#
#..##w.....# ...#
#######...@K#..#.# ...#
#........####..# ..###
#.#####..####....
....###.#####.......####
.##........##.#####...
.##..##.##.##.# ###
.....##.##.##.#
###.###.......# #.#
#.......#


You could see a dart slug and a kobold.

Vanquished Creatures
  A leopard gecko (D:1)
  A bat (D:1)
  A goblin (D:1)
  A hobgoblin (D:1)
  A kobold (D:1)
  A frilled lizard (D:1)
  3 rats (D:1)
9 creatures vanquished.

Notes
Turn   | Place    | Note
-------+----------+-------------------------------------------
     0 | D:1      | 2tousent the Vine Stalker Enchanter began the quest for the
                  | Orb.
     0 | D:1      | Reached XP level 1. HP: 9/9 MP: 4/4
    34 | D:1      | Reached skill level 1 in Short Blades
   185 | D:1      | Reached XP level 2. HP: 10/13 MP: 6/6
   199 | D:1      | Killed from afar by a dart slug

Skill      XL: |  1 |
---------------+----+-----
Short Blades   | 1 |  1.6
Dodging        | |  1.5
Stealth        | |  3.9
Spellcasting   | |  2.1
Hexes          | |  3.0

Action                   || total
-------------------------++-------
Melee: Dagger            ||    38
       Bite              ||     4
 Stab: Sleeping          ||     2
Armor: Robe              ||    17
Dodge: Dodged            ||    24
